 Dungeon Crawl Stone Soup version 0.20.1-1-g8b1a95d (webtiles) character file.

289 Jannitor the Skirmisher (level 6, -12/48 HPs)
             Began as a Mummy Wanderer on Sept 7, 2017.
             Mangled by an orc wizard
             ... wielding a +1 dagger of electrocution
              (16 damage)
             ... on level 4 of the Dungeon.
             The game lasted 00:05:25 (3039 turns).

Jannitor the Skirmisher (Mummy Wanderer)            Turns: 3039, Time: 00:05:26

Health: -12/48     AC:  9    Str: 18    XL:     6   Next: 9%
Magic:  6/6        EV:  7    Int:  8    God:
Gold:   191        SH:  0    Dex: 14    Spells: 5/5 levels left

rFire    x . .     SeeInvis .   a - +3 hand axe
rCold    + + .     Gourm    .   (no shield)
rNeg     + + +     Faith    .   q - +0 chain mail
rPois    ∞         Spirit   .   (no helmet)
rElec    .         Reflect  .   (no cloak)
rCorr    .         Harm     .   (no gloves)
MR       .....                  (no boots)
Stlth    ..........             (no amulet)
Regen    0.2/turn               o - ring of protection from cold
MPRegen  0.1/turn               b - ring of loudness (curse)

@: confused
A: no food or potions, fire vulnerability, cold resistance 1, negative energy
resistance 3, torment resistance, unbreathing
a: no special abilities


You were on level 4 of the Dungeon.
You were not hungry.

You visited 1 branch of the dungeon, and saw 4 of its levels.

You collected 191 gold pieces.

Inventory:

Hand Weapons
 a - a +3 hand axe (weapon)
 d - a +0 blowgun
Missiles
 c - 26 poisoned needles
 m - 4 needles of paralysis
Armour
 q - a +0 chain mail (worn)
Jewellery
 b - a cursed ring of loudness (right hand)
 o - a ring of protection from cold (left hand)
Scrolls
 f - a scroll of fear
 h - 2 scrolls of identify
 i - a scroll of blinking {unknown}
 j - a scroll of amnesia
 k - 2 scrolls of teleportation {unknown}
 l - a scroll of magic mapping {unknown}
 n - a scroll of immolation


   Skills:
 + Level 4.0 Fighting
   Level 1.0 Short Blades
 + Level 3.1 Axes
 - Level 1.5 Throwing
 + Level 3.0 Armour
 - Level 1.5 Dodging


You had 5 spell levels left.
You didn't know any spells.

Dungeon Overview and Level Annotations

Branches:
Dungeon (4/15)
 Temple: D:4-7

Altars:


Innate Abilities, Weirdness & Mutations

You do not eat or drink.
Your flesh is vulnerable to fire.
You are immune to poison.
Your flesh is cold resistant. (rC+)
You are immune to negative energy. (rN+++)
You are immune to unholy pain and torment.
You can survive without breathing.


Message History

You hit the orc wizard.
The orc wizard is lightly wounded.
Deactivating autopickup; reactivate with Ctrl-A.
You miss something. You hit something. Something hits you but does no damage.
You closely miss something. Something hits you.
You are electrocuted!
You hit something. Something hits you but does no damage.
The orc wizard mumbles some strange words.
The orc wizard blinks!
Something hits you but does no damage.
You miss something. Something hits you but does no damage.
You are electrocuted!
* * * LOW HITPOINT WARNING * * *
Unknown command.
You hear some strange, mumbled words.
You are confused.
You closely miss something. Something completely misses you.
The orc wizard gestures wildly while chanting.
The orc wizard blinks!
Something hits you but does no damage.
You are electrocuted!
You die...

.. o.o.... ###.. .......
####... .....# ......
.....##
.#######..###.o....# .
...[.............)o.....#
.##..............o##o......
.................# .....##
#..............@.# ######
................#
........o......# ###..#
###..†....# #....#
#..%....#
...##.#####.......# .#
#..<........####
#..........## #.........##


You could see an orc wizard and an orc.

Vanquished Creatures
  A scorpion (D:4)
  Terence (D:3)
  2 orc wizards
  4 adders
  2 oozes
  An adder skeleton (D:4)
  2 adder zombies (D:1)
  5 dart slugs
  A leopard gecko (D:2)
  8 orcs
  7 giant cockroaches
  7 goblins
  10 hobgoblins
  3 jackals (D:3)
  9 kobolds
  A quokka (D:2)
  3 ball pythons
  7 bats
  A frilled lizard (D:1)
  5 rats
80 creatures vanquished.

Vanquished Creatures (others)
  An orc wizard (D:4)
1 creature vanquished.

Grand Total: 81 creatures vanquished

Notes
Turn   | Place    | Note
-------+----------+-------------------------------------------
     0 | D:1      | Jannitor the Mummy Wanderer began the quest for the Orb.
     0 | D:1      | Jannitor set off with: a +2 hand axe, a +0 ring mail, 11 poisoned needles, a +0 blowgun
     0 | D:1      | Reached XP level 1. HP: 16/16 MP: 1/1
    96 | D:1      | Reached XP level 2. HP: 23/23 MP: 2/2
   366 | D:1      | Reached XP level 3. HP: 27/28 MP: 3/3
  1390 | D:2      | Reached XP level 4. HP: 32/34 MP: 4/4
  1636 | D:3      | Reached skill level 3 in Fighting
  1846 | D:3      | Reached XP level 5. HP: 36/41 MP: 5/5
  1872 | D:3      | Noticed Terence
  2617 | D:3      | Killed Terence
  3009 | D:4      | Reached skill level 4 in Fighting
  3009 | D:4      | Reached XP level 6. HP: 33/48 MP: 6/6
  3039 | D:4      | Mangled by an orc wizard

Skill      XL: |  1  2  3  4  5 |
---------------+----------------+-----
Axes           | 2 3 |  3.1
Armour         | 2 3 |  3.0
Fighting       | 3 4 |  4.0
Short Blades   | |  1.0
Throwing       | |  1.5
Dodging        | |  1.5

Action                   |  1- 3 |  4- 6 || total
-------------------------+-------+-------++-------
Melee: Hand axe          |   117 |   196 ||   313
  Use: Scroll            |     1 |     4 ||     5
Armor: Ring mail         |     5 |     3 ||     8
       Plate armour      |    73 |   136 ||   209
       Chain mail        |       |    13 ||    13
       Scale mail        |       |     8 ||     8
Dodge: Dodged            |    31 |    79 ||   110
